AoeStats
← Jackou75

MegaRandom

509584265Analyzed
4v4 RM · 5d ago on Sep 27, 2026· 54m 7s· 8 players
Game mode
Random Map
Map size
Large (8 player)
Population
200
Speed
Normal
Resources
Standard
Victory
Conquest
Starting age
Dark Age
Ending age
Imperial Age
RankedLock teamsTeams togetherTeam positionsShared explorationLock speedFull tech treeHidden civsTurbo modeCheats
Victory
Defeat
🇮🇹 Celts · Italy
1082
+13
🇪🇸 Spanish · Spain
1061
+14
🇨🇳 Magyars · China
1049
+15
🇹🇼 Poles · Taiwan
1047
+15
🇵🇱 Lithuanians · Poland
1054
-16
🇫🇷 Varangians · France
1047
-15
🇷🇺 Britons · Russia
992
-13
🇹🇷 Huns · Türkiye
990
-13
LoveCreamPie
7:08 Loom
10:18 Feudal Age
10:55 Double-Bit Axe
15:03 Horse Collar
17:19 Forging
18:27 Wheelbarrow
21:44 Castle Age
20:12 Scale Barding Armor
20:40 Gold Mining
21:23 Bloodlines
23:32 Light Cavalry
24:34 Chain Barding Armor
24:50 Iron Casting
25:32 Stone Mining
27:35 Bow Saw
27:26 Heavy Plow
29:06 Padded Archer Armor
28:56 Fletching
29:29 Crossbowman
30:28 Leather Archer Armor
33:03 Town Watch
36:22 Imperial Age
35:38 Treadmill Crane
38:20 Chemistry
37:42 Conscription
37:42 Lechitic Legacy
38:04 Crop Rotation
39:23 Blast Furnace
38:43 Winged Hussar
39:43 Medium Warships
40:02 Husbandry
40:28 Hand Cart
40:14 Town Patrol
40:50 Bodkin Arrow
41:45 Ballistics
44:57 Bracer
44:18 Arbalester
45:04 Thumb Ring
44:45 Cavalier
45:32 Szlachta Privileges
46:24 Capped Ram
47:12 Siege Engineers
47:18 Masonry
48:26 Bombard Tower
49:44 Spies/Treason
AquarianAge
13:51 Feudal Age
12:30 Loom
14:18 Feudal Age
15:52 Horse Collar
15:58 Double-Bit Axe
18:42 Castle Age
16:38 Fletching
16:58 Gold Mining
17:07 Stone Mining
19:42 Bow Saw
22:56 Heavy Plow
25:29 Padded Archer Armor
25:26 Bodkin Arrow
27:34 Wheelbarrow
28:09 Leather Archer Armor
28:54 Stone Shaft Mining
30:01 Hand Cart
29:49 Town Watch
35:15 Imperial Age
34:08 Town Patrol
34:40 Scale Barding Armor
34:46 Forging
34:40 Inquisition
37:24 Husbandry
37:34 Bloodlines
37:47 Conscription
36:47 Elite Conquistador
38:10 Hoardings
38:24 Ring Archer Armor
38:17 Chain Barding Armor
38:37 Supremacy
40:00 Two-Man Saw
44:52 Herbal Medicine
50:06 Chemistry
49:28 Ballistics
49:19 Masonry
49:05 Murder Holes
David
6:28 Loom
9:47 Feudal Age
10:20 Double-Bit Axe
12:10 Horse Collar
14:30 Wheelbarrow
20:04 Castle Age
19:42 Scale Barding Armor
19:57 Bloodlines
21:05 Husbandry
22:56 Gold Mining
26:19 Chain Barding Armor
28:09 Hand Cart
28:00 Town Watch
34:31 Gold Shaft Mining
37:30 Imperial Age
39:16 Plate Barding Armor
38:34 Cavalier
40:12 Conscription
39:55 Corvinian Army
42:15 Elite Magyar Huszar
43:48 Heavy Plow
44:59 Bow Saw
45:03 Stone Mining
45:59 Fletching
48:13 Crop Rotation
50:49 Two-Man Saw
49:24 Paladin
51:55 Spies/Treason
fabio07deluca
9:12 Loom
13:38 Feudal Age
14:15 Double-Bit Axe
14:13 Horse Collar
14:42 Fishing Lines
17:00 Gold Mining
20:03 Stone Mining
24:28 Castle Age
22:53 Scale Mail Armor
23:04 Forging
24:29 Wheelbarrow
23:39 Town Watch
25:42 Bow Saw
25:34 Heavy Plow
26:11 Stone Shaft Mining
25:42 Fletching
26:23 Stronghold
31:04 Imperial Age
28:45 Bodkin Arrow
29:10 Chain Mail Armor
29:31 Iron Casting
29:55 Hand Cart
29:58 Masonry
30:34 Chain Mail Armor
30:55 Iron Casting
32:13 Murder Holes
32:39 Ballistics
33:01 Conscription
33:04 Siege Engineers
34:11 Hoardings
33:18 Pikeman
35:32 Chemistry
34:53 Ballistics
36:17 Gold Shaft Mining
36:42 Plate Mail Armor
36:57 Gillnets
39:03 Blast Furnace
38:21 Guilds
37:38 Halberdier
40:27 Furor Celtica
41:40 Capped Ram
43:07 Siege Ram
45:53 Arson
50:06 Town Patrol
50:57 Elite Woad Raider
51:08 Sappers
51:58 Spies/Treason
RAVILKA_BIG
12:19 Feudal Age
12:50 Double-Bit Axe
13:09 Fishing Lines
14:55 Wheelbarrow
14:17 Fishing Lines
15:15 Loom
23:28 Castle Age
21:43 Stone Mining
21:45 Gold Mining
22:38 Town Watch
22:36 Horse Collar
25:46 Hand Cart
25:34 Heavy Plow
25:45 Bow Saw
27:52 Gold Shaft Mining
28:10 Padded Archer Armor
28:00 Fletching
28:18 Scale Barding Armor
32:53 Imperial Age
30:58 Husbandry
30:29 Light Cavalry
33:57 Leather Archer Armor
33:37 Bodkin Arrow
34:03 Chain Barding Armor
34:38 Capped Ram
36:09 Conscription
38:24 Two-Man Saw
40:51 Cavalier
44:54 Elite Longbowman
KIELE_PL
1:20 Loom
11:21 Feudal Age
18:35 Castle Age
20:22 Double-Bit Axe
20:50 Horse Collar
21:29 Town Watch
26:52 Squires
26:33 Pikeman
29:18 Wheelbarrow
30:27 Hand Cart
30:41 Bow Saw
34:56 Imperial Age
33:05 Gold Mining
33:58 Husbandry
34:19 Forging
34:14 Scale Barding Armor
35:43 Iron Casting
35:04 Cavalier
36:19 Conscription
39:02 Chain Barding Armor
41:27 Scale Mail Armor
42:03 Plate Barding Armor
42:22 Arson
43:07 Stone Mining
Prof. Dr. Abuzer KÖMÜRCÜ
2:18 Loom
12:36 Feudal Age
18:30 Castle Age
17:15 Double-Bit Axe
18:06 Horse Collar
20:19 Fishing Lines
28:31 Imperial Age
26:24 Forging
26:55 Marauders
27:02 Scale Barding Armor
27:29 Heavy Plow
28:26 Iron Casting
28:51 Bloodlines
30:16 Chain Barding Armor
31:49 Blast Furnace
32:32 Plate Barding Armor
32:24 Gold Mining
34:15 Elite Tarkan
35:16 Conscription
36:37 Cavalier
37:04 Light Cavalry
37:55 Hussar
42:50 Wheelbarrow
44:28 Paladin
46:09 Paladin
Jackou75
12:16 Feudal Age
13:34 Double-Bit Axe
16:33 Fishing Lines
22:15 Castle Age
21:19 Loom
21:53 Bloodlines
21:50 Scale Barding Armor
21:56 Forging
22:09 Stone Mining
23:50 Gillnets
26:45 Pikeman
29:43 Bow Saw
30:42 Chain Barding Armor
30:55 Husbandry
34:54 Fletching
34:36 Elite Skirmisher
37:49 Padded Archer Armor
37:46 Bodkin Arrow
Connection lost

Rejoining the realm…

Still unreachable

The connection could not be restored.

Session expired

The server has moved on; the page needs a fresh start.